 Dungeon Crawl Stone Soup version 0.31-a0-788-ga445dbd2db (webtiles) character file.

Game seed: 18396942342502790256

35 Nakaliss the Conjurer (level 3, -1/26 HPs)
             Began as a Draconian Conjurer on Sept 17, 2023.
             Slain by a gnoll
             ... wielding a +0 whip
              (4 damage)
             ... on level 2 of the Dungeon.
             The game lasted 00:04:00 (1175 turns).

Nakaliss the Conjurer (Draconian Conjurer)          Turns: 1175, Time: 00:04:01

Health: -1/26      AC:  5    Str:  9    XL:     3   Next: 16%
Magic:  2/6        EV: 12    Int: 20    God:
Gold:   93         SH:  0    Dex:  9    Spells: 3/6 levels left

rFire   . . .        a - staff of air
rCold   . . .        (no shield)
rNeg    . . .        (body armour unavailable)
rPois   .            (helmet restricted)
rElec   +            (no cloak)
rCorr   .            (no gloves)
SInv    .            (no boots)
Will    .....        (no amulet)
Stlth   ++           (no ring)
HPRegen 0.24/turn    (no ring)
MPRegen 0.10/turn

%: no passive effects
@: no status effects
A: AC +5, unfitting armour, cold-blooded
a: no special abilities


You were on level 2 of the Dungeon.
You visited 1 branch of the dungeon, and saw 2 of its levels.

You collected 93 gold pieces.

Inventory:

Magical Staves
 a - a staff of air (weapon)
Potions
 c - a potion of curing {unknown}


   Skills:
 + Level 0.2 Fighting
 + Level 1.9 Dodging
 + Level 2.1 Stealth
 + Level 0.1 Unarmed Combat
 + Level 2.1 Spellcasting
 + Level 4.7 Conjurations


You had 3 spell levels left.
You knew the following spells:

 Your Spells              Type           Power      Damage    Failure   Level
a - Magic Dart            Conj           84%        1d7       2%          1
b - Searing Ray           Conj           42%        2d6       3%          2

Your spell library contained the following spells:

 Spells                   Type           Power      Damage    Failure   Level
 Dazzling Flash           Conj/Hex       22%        N/A       19%         3
 Fulminant Prism          Conj/Hex       5%         3d7       52%         4
 Iskenderun's Mystic Bla  Conj/Tloc      11%        2d4       52%         4


Dungeon Overview and Level Annotations

Branches:
Dungeon (2/15)

Altars:


Innate Abilities, Weirdness & Mutations

Your plain brown scales are hard. (AC +5)
You cannot fit into any form of body armour.
You are cold-blooded and may be slowed by cold attacks.


Message History

You have reached level 3!
Your experience leads to an increase in your attributes!
Increase (S)trength, (I)ntelligence, or (D)exterity?
You feel clever. x2; Your scales feel tougher.
The searing ray hits the gnoll.
The gnoll is moderately wounded.
You finish channelling your searing ray.
The gnoll hits you with a +0 club.
The gnoll shouts!
You hit the gnoll.
The gnoll is moderately wounded.
The gnoll hits you with a +0 club.
You closely miss the gnoll.
The gnoll is moderately wounded.
The gnoll hits you with a +0 club.
You hit the gnoll.
The gnoll is heavily wounded.
A hobgoblin comes into view.
You hit the gnoll.
Your tail-slap misses the gnoll.
The gnoll is lightly wounded.
You barely miss the gnoll.
The gnoll is lightly wounded.
The gnoll closely misses you. The gnoll hits you with a +0 club. x2
The gnoll barely misses you.
You aren't carrying any scrolls.
Okay, then.
The gnoll attacks as it pursues you! The gnoll hits you with a +0 club.
The gnoll attacks as it pursues you! The gnoll hits you with a +0 club.
The gnoll closely misses you. x2
The gnoll hits you with a +0 whip.
* * * LOW HITPOINT WARNING * * *
The gnoll attacks as it pursues you! The gnoll hits you with a +0 club.
* * * LOW HITPOINT WARNING * * *
The gnoll attacks as it pursues you! The gnoll barely misses you.
The gnoll completely misses you. The gnoll closely misses you.
The gnoll hits you with a +0 club.
* * * LOW HITPOINT WARNING * * *
There is a stone staircase leading up here.
The gnoll hits you with a +0 whip.
You die...

.####
...####.......##
....# .#
#...##..$......
.##.###.#
#............
.##..##.#
#............
.###.##.# #
#..#...).!... .#
#..#.# .#
#............ .#
##.#.##.#
##g.#.......#. ##
#.#....#
#gg.........# #....#
##@g...####### ##...#
#...#..#
.####...######...#..#
................##.##
.....#.........###.#
####.#.###....## ..
....##..#..# ..
...#.##.##..# .#
.##.#.##....##


You could see 3 gnolls and a hobgoblin.

Vanquished Creatures
  A gnoll (D:2)
  A dart slug (D:1)
  5 endoplasms (D:1)
  3 goblins (D:1)
  2 hobgoblins
  3 kobolds (D:1)
  A quokka (D:1)
  2 ball pythons (D:1)
  3 bats
  A rat (D:1)
22 creatures vanquished.

Notes
Turn   | Place    | Note
-------+----------+-------------------------------------------
     0 | D:1      | Nakaliss the Draconian Conjurer began the quest for the
                  | Orb.
     0 | D:1      | Reached XP level 1. HP: 14/14 MP: 3/3
   255 | D:1      | Reached XP level 2. HP: 20/20 MP: 0/5
   365 | D:1      | Learned a level 2 spell: Searing Ray
  1160 | D:2      | Reached XP level 3. HP: 26/26 MP: 1/6
  1175 | D:2      | Slain by a gnoll

Illustrated notes

Levels and vault maps discovered:
D:1:      dpeg_arrival_round_a, layout_basic, st_stairs_5
D:2:      layout_rooms, minmay_pentomino_r4

Skill      XL: |  1  2 |
---------------+-------+-----
Stealth        | 2 |  2.1
Fighting       | |  0.2
Dodging        | |  1.9
Unarmed Combat | |  0.1
Spellcasting   | |  2.1
Conjurations   | |  4.7

Action                     || total
---------------------------++-------
  Melee: Unarmed           ||    14
         Dagger            ||     5
         Tailslap          ||     2
         Staff             ||     5
   Cast: Magic Dart        ||    36
         Searing Ray       ||     2
    Use: Potion            ||     1
         Scroll            ||     3
 Armour: Skin              ||    32
  Dodge: Dodged            ||    26

Table legend: (Time is in decaauts)
 A = Elapsed time spent in this place.
 B = Non-inter-level travel time spent in this place.
 C = Inter-level travel time spent in this place.
 D = Time resting spent in this place.
 E = Time spent auto-exploring this place.
 F = Levels seen in this place.
 G = Mean time per level.
                   A        B        C        D        E       F      G
               +--------+--------+--------+--------+--------+-----+--------+
         Total |   1174 |   1160 |     14 |     76 |    798 |   2 |  587.0 |
       Dungeon |   1174 |   1160 |     14 |     76 |    798 |   2 |  587.0 |
               +--------+--------+--------+--------+--------+-----+--------+

Top non-repeatable levels by time:
     D:1: 1076 daAuts
     D:2: 97 daAuts
